[Event "Early Titled Tuesday Blitz | February 8 2022"]
[White "Viani Antonio Dcunha"]
[Black "Lopez Gracia, Fernando"]
[WhiteFideId "5027330"]
[BlackFideId "2207184"]
[WhiteElo "2366"]
[BlackElo "2411"]
[Result "1-0"]
[Round "04"]
[TimeControl "180+1"]
[Date "2022.02.08"]
[WhiteClock "0:01:31"]
[BlackClock "0:01:14"]

1. e4 e5 2. Nf3 Nc6 3. Bc4 Nf6 4. d3 Bc5 5. O-O O-O 6. Nc3 h6 7. a3 a5 8. Be3 d6 9. Bxc5 dxc5 10. Nd5 Be6 11. Nxf6+ Qxf6 12. Nd2 Nd4 13. c3 Nc6 14. a4 Rfd8 15. Qe2 Ne7 16. Bxe6 Qxe6 17. Nc4 Ng6 18. g3 b6 19. f4 Qd7 20. f5 Ne7 21. f6 Ng6 22. fxg7 Qxd3 23. Qxd3 Rxd3 24. Rf5 Re8 25. Raf1 Re7 26. Kg2 Kxg7 27. h4 Nf8 28. Rxf7+ Rxf7 29. Rxf7+ Kxf7 30. Nxe5+ Ke6 31. Nxd3 h5 32. Kf3 Kf6 33. Nf4 1-0


[Site "https://www.chess.com"]

[Event "Early Titled Tuesday Blitz | February 8 2022"]
[White "Vignesh, N R"]
[Black "Weishaeutel, Moritz"]
[WhiteFideId "25012215"]
[BlackFideId "12967300"]
[WhiteElo "2395"]
[BlackElo "2002"]
[Result "0-1"]
[Round "04"]
[TimeControl "180+1"]
[Date "2022.02.08"]
[WhiteClock "0:00:11"]
[BlackClock "0:00:32"]

1. c4 e6 2. Nc3 d5 3. cxd5 exd5 4. d4 Nf6 5. Bg5 c6 6. e3 Bd6 7. Bd3 O-O 8. Nf3 Nbd7 9. O-O Re8 10. Rb1 a5 11. a3 Nf8 12. b4 axb4 13. axb4 Ng6 14. b5 h6 15. Bxf6 Qxf6 16. bxc6 bxc6 17. h3 Ra3 18. Rc1 Nh4 19. Nxh4 Qxh4 20. Qf3 Bb4 21. Nxd5 cxd5 22. Bb5 Rd8 23. Rc7 Be6 24. Rfc1 Bd6 25. Rb7 Rda8 26. Bc6 Rc8 27. Rbb1 Qd8 28. g3 Be7 29. Kg2 Qd6 30. Bb7 Rxc1 31. Rxc1 Ra7 32. Bc8 Rc7 33. Bxe6 fxe6 34. Rxc7 Qxc7 35. Qg4 Qd6 36. h4 Bf6 37. h5 Qe7 38. Qd1 e5 39. dxe5 Qxe5 40. Kg1 Qa1 41. Qxa1 Bxa1 42. Kg2 Kf7 43. g4 Kf6 44. f4 d4 45. exd4 Bxd4 46. Kf3 Bb2 47. Ke4 Bc1 48. Kf3 Ke6 49. Ke4 Bd2 50. Kf3 Kd5 51. Kg3 Ke4 52. f5 Bg5 53. Kg2 Kf4 0-1


[Site "https://www.chess.com"]

[Event "Early Titled Tuesday Blitz | February 8 2022"]
[White "Visakh N R"]
[Black "Alinasab, Mobina"]
[WhiteFideId "25012223"]
[BlackFideId "12528897"]
[WhiteElo "2454"]
[BlackElo "2061"]
[Result "1-0"]
[Round "04"]
[TimeControl "180+1"]
[Date "2022.02.08"]
[WhiteClock "0:02:01"]
[BlackClock "0:01:21"]

1. e4 c5 2. Nf3 e6 3. c3 d5 4. exd5 exd5 5. Bb5+ Bd7 6. Bxd7+ Qxd7 7. O-O Nc6 8. d4 cxd4 9. Re1+ Be7 10. cxd4 Nf6 11. Nc3 O-O 12. Ne5 Qd8 13. Bf4 Bb4 14. Bg5 Bxc3 15. bxc3 h6 16. Bxf6 gxf6 17. Qg4+ Kh8 18. Qh5 fxe5 19. Qxh6+ Kg8 20. Re3 Ne7 21. Rh3 1-0


[Site "https://www.chess.com"]

[Event "Early Titled Tuesday Blitz | February 8 2022"]
[White "Vlassov, Nikolai"]
[Black "Cunjalo, Faris"]
[WhiteFideId "4103360"]
[BlackFideId "14410710"]
[WhiteElo "2407"]
[BlackElo "2263"]
[Result "1/2-1/2"]
[Round "04"]
[TimeControl "180+1"]
[Date "2022.02.08"]
[WhiteClock "0:00:34"]
[BlackClock "0:00:05"]

1. e4 c6 2. d4 d5 3. e5 c5 4. dxc5 e6 5. Nf3 Bxc5 6. Bd3 Ne7 7. a3 Nd7 8. b4 Bb6 9. Bb2 a5 10. Nbd2 Ng6 11. g3 Qe7 12. O-O axb4 13. axb4 Rxa1 14. Qxa1 Qxb4 15. h4 Qg4 16. Kh2 O-O 17. c4 f6 18. cxd5 Ndxe5 19. Nxe5 fxe5 20. f3 Qh5 21. Bxg6 Qxg6 22. Bxe5 exd5 23. Bd4 Bc7 24. Rg1 Qe6 25. Qf1 Re8 26. Rg2 Qh3+ 27. Kg1 Bxg3 28. Qb5 Re1+ 29. Nf1 h6 30. Qxd5+ Kh7 31. Bc3 Rxf1+ 32. Kxf1 Qh1+ 33. Rg1 Bh3+ 34. Ke2 Qxg1 35. Qe4+ Kg8 36. Qe8+ Kh7 37. Qe4+ Kh8 38. Qe8+ Kh7 39. Qe4+ 1/2-1/2


[Site "https://www.chess.com"]

[Event "Early Titled Tuesday Blitz | February 8 2022"]
[White "Vokhidov, Shamsiddin"]
[Black "Fier, Alexandr"]
[WhiteFideId "14204223"]
[BlackFideId "2107139"]
[WhiteElo "2611"]
[BlackElo "2569"]
[Result "0-1"]
[Round "04"]
[TimeControl "180+1"]
[Date "2022.02.08"]
[WhiteClock "0:00:17"]
[BlackClock "0:01:40"]

1. e4 Nf6 2. e5 Nd5 3. d4 d6 4. Nf3 g6 5. Bc4 Nb6 6. Bb3 Bg7 7. Qe2 O-O 8. e6 d5 9. Ng5 Bxe6 10. Nxe6 fxe6 11. Qxe6+ Kh8 12. c3 Nc6 13. f4 Qd6 14. Qe2 e5 15. fxe5 Nxe5 16. dxe5 Bxe5 17. Nd2 Rae8 18. Kd1 Bxc3 19. Qxe8 Rxe8 20. bxc3 c5 21. Nf3 Nc4 22. Bg5 Ne3+ 23. Kd2 d4 24. Rae1 Kg7 25. Bxe3 dxe3+ 26. Kc1 Qd3 27. Kb2 e2 28. Bc2 Qb5+ 29. Kc1 Qc4 30. Nd2 Qxc3 31. Nb1 Qe3+ 32. Kb2 c4 33. Nc3 Qd4 34. Ba4 Re3 35. Rc1 e1=Q 36. Rhxe1 Rxe1 37. Rxe1 Qd2+ 0-1


[Site "https://www.chess.com"]

[Event "Early Titled Tuesday Blitz | February 8 2022"]
[White "Volkov, Sergey"]
[Black "Rozhkov, Viacheslav"]
[WhiteFideId "4122763"]
[BlackFideId "4181484"]
[WhiteElo "2475"]
[BlackElo "2324"]
[Result "1-0"]
[Round "04"]
[TimeControl "180+1"]
[Date "2022.02.08"]
[WhiteClock "0:00:17"]
[BlackClock "0:00:03"]

1. d4 d5 2. c4 dxc4 3. e4 Nc6 4. Nf3 Bg4 5. d5 Ne5 6. Nbd2 Bxf3 7. Nxf3 Nd3+ 8. Bxd3 cxd3 9. Qa4+ Qd7 10. Qxd7+ Kxd7 11. Ne5+ Ke8 12. Nxd3 Nf6 13. f3 e6 14. dxe6 fxe6 15. Bf4 Rd8 16. O-O-O c6 17. Be3 Nd7 18. Rd2 Nb6 19. b3 Ba3+ 20. Kc2 Bd6 21. Rhd1 Be7 22. a4 h6 23. a5 Nc8 24. Ne5 Rxd2+ 25. Rxd2 Bf6 26. Nc4 Be7 27. e5 h5 28. h3 h4 29. f4 g5 30. fxg5 Rg8 31. Nd6+ Bxd6 32. exd6 Kd7 33. Rd4 e5 34. Rxh4 Nxd6 35. Rh7+ Ke6 36. h4 Kd5 37. h5 e4 38. g6 Nf5 39. Bxa7 c5 40. Rxb7 e3 41. Rd7+ Kc6 42. Rd1 e2 43. Re1 Re8 44. a6 1-0


[Site "https://www.chess.com"]

[Event "Early Titled Tuesday Blitz | February 8 2022"]
[White "Wahedi, Ahmad Siar"]
[Black "Bilan, Danila"]
[WhiteFideId "4651260"]
[BlackFideId "24161918"]
[WhiteElo "2371"]
[BlackElo "2164"]
[Result "0-1"]
[Round "04"]
[TimeControl "180+1"]
[Date "2022.02.08"]
[WhiteClock "0:00:36"]
[BlackClock "0:00:05"]

1. c4 c6 2. e4 d5 3. cxd5 cxd5 4. exd5 Nf6 5. Nc3 Nxd5 6. Bc4 e6 7. Nf3 Nc6 8. O-O Be7 9. d4 O-O 10. Re1 Bf6 11. Nxd5 exd5 12. Bb3 Bg4 13. Be3 Re8 14. h3 Bh5 15. g4 Bg6 16. Qd2 h5 17. g5 Be7 18. h4 Bb4 19. Qd1 Bxe1 20. Nxe1 Re4 21. Ng2 Qd7 22. Nf4 Nxd4 23. Nxd5 Qg4+ 24. Qxg4 Rxg4+ 25. Kh2 Rxh4+ 26. Kg3 Rg4+ 27. Kh3 Nxb3 28. axb3 a6 29. Rc1 Rd8 30. Nf4 Rxg5 31. Ne6 Bf5+ 32. Kh2 Bxe6 33. Bxg5 Rd3 34. b4 Rb3 35. Be3 Rxb4 36. Rc2 Kh7 37. Rd2 Kg6 38. Bd4 Kf5 39. Bc3 Rb5 40. Bxg7 Rb3 41. Bc3 b5 42. Rd4 Kg6 43. Rd8 b4 44. Bd4 a5 45. Ra8 Rd3 46. Be3 Rd5 47. Rg8+ Kf5 48. Rg5+ Ke4 49. Rg8 Kd3 50. Ra8 Kc2 51. b3 Kxb3 52. Kg3 Ka2 53. Bb6 b3 54. Rxa5+ Rxa5 55. Bxa5 b2 0-1


[Site "https://www.chess.com"]

[Event "Early Titled Tuesday Blitz | February 8 2022"]
[White "Warchol, Kamil"]
[Black "Vivas Zamora, Fabian Ernesto"]
[WhiteFideId "21858241"]
[BlackFideId "3902480"]
[WhiteElo "1905"]
[BlackElo "1966"]
[Result "1-0"]
[Round "04"]
[TimeControl "180+1"]
[Date "2022.02.08"]
[WhiteClock "0:00:12"]
[BlackClock "0:00:04"]

1. e4 e5 2. Nf3 Nc6 3. Bc4 Nf6 4. d3 Bc5 5. c3 O-O 6. Nbd2 d5 7. exd5 Nxd5 8. Ne4 Be7 9. O-O Bg4 10. h3 Bh5 11. Ng3 Bg6 12. Re1 Qd6 13. a4 a6 14. a5 Rad8 15. Qb3 Qc5 16. Qxb7 Nxa5 17. Qxa6 Ra8 18. Qb5 Qxb5 19. Bxb5 f6 20. d4 c6 21. Bf1 exd4 22. Nxd4 Bc5 23. Ne6 Rfe8 24. b4 Nxc3 25. bxc5 Bf7 26. Bb2 Nd5 27. Nd4 Rxe1 28. Rxe1 Nc4 29. Bc1 Nb4 30. Ngf5 Ne5 31. Bd2 Nd5 32. Ne3 Nxe3 33. Bxe3 g5 34. Nf5 h5 35. Nd6 Kg7 36. Nxf7 Kxf7 37. Be2 h4 38. Bd4 Ng6 39. Bf3 Ra6 40. Bh5 Kg7 41. Bxg6 Kxg6 42. Re6 Kf5 43. Rd6 Ke4 44. Bxf6 g4 45. hxg4 Kf4 46. g5 Kg4 47. g6 Ra1+ 48. Kh2 Ra8 49. g7 Rg8 50. Rd8 1-0


[Site "https://www.chess.com"]

[Event "Early Titled Tuesday Blitz | February 8 2022"]
[White "Weetik, Vjacheslav"]
[Black "Rangel, Daniel"]
[WhiteFideId "4153472"]
[BlackFideId "2124475"]
[WhiteElo "2469"]
[BlackElo "2187"]
[Result "1/2-1/2"]
[Round "04"]
[TimeControl "180+1"]
[Date "2022.02.08"]
[WhiteClock "0:00:10"]
[BlackClock "0:00:08"]

1. d4 Nf6 2. Bf4 g6 3. Nf3 Bg7 4. Nc3 O-O 5. e4 d5 6. e5 Ne4 7. Bd3 Nxc3 8. bxc3 c5 9. h3 c4 10. Be2 Qa5 11. Qd2 Bf5 12. g4 Be4 13. O-O f6 14. Bg3 Nc6 15. Nh2 fxe5 16. f3 Nxd4 17. fxe4 Qxc3 18. Qxc3 Nxe2+ 19. Kg2 Nxc3 20. exd5 Nxd5 21. Rfe1 Nf4+ 22. Bxf4 exf4 23. Rab1 e5 24. Rxb7 Rfb8 25. Rc7 Rc8 26. Rb7 Rab8 27. Rxa7 Rb2 28. Re2 e4 29. Rxe4 Rxc2+ 30. Kh1 c3 31. Ree7 Bd4 32. Nf3 Rd2 33. Nxd4 Rxd4 34. Rg7+ Kf8 35. Rxh7 Rd1+ 36. Kg2 Kg8 37. Rhg7+ Kh8 38. Rh7+ Kg8 39. Rhg7+ Kf8 40. Rh7 Kg8 1/2-1/2


[Site "https://www.chess.com"]

[Event "Early Titled Tuesday Blitz | February 8 2022"]
[White "Xie, Bryan"]
[Black "Bommini, Mounika Akshaya"]
[WhiteFideId "30941296"]
[BlackFideId "25019872"]
[WhiteElo "1899"]
[BlackElo "1671"]
[Result "1-0"]
[Round "04"]
[TimeControl "180+1"]
[Date "2022.02.08"]
[WhiteClock "0:00:14"]
[BlackClock "0:00:01"]

1. e4 e5 2. Nf3 Nc6 3. Bc4 Nf6 4. d3 Be7 5. O-O O-O 6. Re1 d6 7. Nbd2 Na5 8. c3 Nxc4 9. dxc4 h6 10. Nf1 Nh7 11. Ng3 Ng5 12. Nd2 Re8 13. Ndf1 Bf8 14. Ne3 g6 15. Bd2 Ne6 16. Qc1 Kh7 17. b4 Bg7 18. Qd1 Nf4 19. Ne2 h5 20. Nxf4 exf4 21. Nd5 f5 22. exf5 Bxf5 23. Rxe8 Qxe8 24. Nxc7 Qc6 25. Nxa8 Qxc4 26. Qe1 Qc8 27. Bxf4 Qxa8 28. Bxd6 Qd8 29. Be5 Bh6 30. Rd1 Qc8 31. Bf6 Qe6 32. Qxe6 Bxe6 33. Rd8 g5 34. Re8 Bxa2 35. Re7+ Kg6 36. Bd4 Bd5 37. Bxa7 Bg7 38. Bd4 Bf8 39. Rd7 Bc6 40. Rd8 Be7 41. Rg8+ Kf5 42. f3 Ke6 43. Rg7 Bd8 44. Kf2 Kd5 45. Ke3 Kc4 46. Kd2 b5 47. Rg6 Bc7 48. Rxc6+ 1-0


[Site "https://www.chess.com"]

[Event "Early Titled Tuesday Blitz | February 8 2022"]
[White "Yang, Kaiqi"]
[Black "Jumabayev, Rinat"]
[WhiteFideId "8604398"]
[BlackFideId "13702661"]
[WhiteElo "2373"]
[BlackElo "2561"]
[Result "0-1"]
[Round "04"]
[TimeControl "180+1"]
[Date "2022.02.08"]
[WhiteClock "0:00:01"]
[BlackClock "0:00:55"]

1. c4 e5 2. Nc3 Nf6 3. Nf3 Nc6 4. e4 Bb4 5. d3 d6 6. a3 Bc5 7. b4 Bb6 8. Na4 O-O 9. Nxb6 axb6 10. Bb2 Bg4 11. Be2 Nd7 12. b5 Bxf3 13. Bxf3 Nd4 14. Bg4 Nc5 15. O-O c6 16. f4 cxb5 17. cxb5 Nxb5 18. Kh1 Nd4 19. Bxd4 exd4 20. Rf3 Ra5 21. Rh3 Qf6 22. Rh5 Qxf4 23. Rf5 Qe3 24. Rf3 Qg5 25. Rf5 Qe7 26. Qf3 g6 27. Rf6 Kg7 28. Rf1 Rxa3 29. Qh3 Rxd3 30. Qh4 Qe5 31. R1f5 Qxe4 32. h3 Re3 33. Kh2 gxf5 34. Qh6+ Kg8 35. Bxf5 Qe5+ 36. Kg1 Re1+ 37. Kf2 Qe3+ 38. Qxe3 Rxe3 0-1


[Site "https://www.chess.com"]

[Event "Early Titled Tuesday Blitz | February 8 2022"]
[White "Yeletsky, Ivan"]
[Black "Tologon tegin, Semetei"]
[WhiteFideId "24180327"]
[BlackFideId "13800574"]
[WhiteElo "2348"]
[BlackElo "2258"]
[Result "1/2-1/2"]
[Round "04"]
[TimeControl "180+1"]
[Date "2022.02.08"]
[WhiteClock "0:00:04"]
[BlackClock "0:00:07"]

1. g3 d5 2. Nf3 Nf6 3. Bg2 c5 4. Ne5 Nc6 5. Nxc6 bxc6 6. c4 Bf5 7. Nc3 e6 8. d3 Be7 9. O-O O-O 10. b3 Bg6 11. Na4 Nd7 12. Ba3 Rc8 13. Rc1 Qa5 14. Qe1 Qxe1 15. Rfxe1 d4 16. e3 Rfe8 17. Rcd1 e5 18. Bh3 f5 19. e4 Rf8 20. f4 Rcd8 21. exf5 Bxf5 22. Bg2 exf4 23. Rxe7 Bg4 24. Rf1 f3 25. h3 fxg2 26. Rxf8+ Kxf8 27. hxg4 Kxe7 28. Bxc5+ Nxc5 29. Nxc5 Re8 30. Ne4 Ke6 31. Kxg2 Ke5 32. Kf3 h6 33. g5 h5 34. b4 a5 35. b5 cxb5 36. cxb5 a4 37. Nc5 Rf8+ 38. Kg2 Rc8 39. Nd7+ Kd6 40. Nb6 Rc2+ 41. Kf3 Kc5 42. Nc4 Kxb5 43. Na3+ Kb4 44. Nxc2+ Kc3 45. Na3 Kxd3 46. Nb5 Kc4 47. Nd6+ Kc3 48. Ke2 Kc2 49. Nc4 d3+ 50. Ke3 Kc3 51. Nd2 a3 52. Nf3 g6 53. Nd2 Kc2 54. Ne4 Kb2 55. Kxd3 Kxa2 56. Kc2 Ka1 57. Nd6 a2 58. Nc4 h4 59. gxh4 1/2-1/2


[Site "https://www.chess.com"]

[Event "Early Titled Tuesday Blitz | February 8 2022"]
[White "Yirik, Volkan"]
[Black "Kucuksari, Kaan"]
[WhiteFideId "6300782"]
[BlackFideId "6380166"]
[WhiteElo "2356"]
[BlackElo "2305"]
[Result "1-0"]
[Round "04"]
[TimeControl "180+1"]
[Date "2022.02.08"]
[WhiteClock "0:01:21"]
[BlackClock "0:00:01"]

1. e4 c5 2. Nc3 Nc6 3. f4 e6 4. Bc4 Nf6 5. e5 d5 6. exd6 Bxd6 7. d3 O-O 8. Nf3 Qc7 9. Nb5 Qd8 10. Nxd6 Qxd6 11. O-O a6 12. a4 b6 13. Qe2 Bb7 14. c3 Ne7 15. Ne5 Ng6 16. Bd2 Rad8 17. Rae1 Nd7 18. Nxf7 Rxf7 19. Bxe6 Nf6 20. Bxf7+ Kxf7 21. f5 Nf8 22. Bg5 Re8 23. Qc2 Rxe1 24. Rxe1 h6 25. Bxf6 gxf6 26. Qe2 Bc6 27. Qh5+ Kg7 28. Re3 Nh7 29. Rg3+ Ng5 30. Qg6+ Kf8 31. Qxh6+ Ke7 32. Re3+ Be4 33. h4 Qf4 34. Qxg5 Qxg5 35. Rxe4+ Kd6 36. hxg5 1-0


[Site "https://www.chess.com"]

[Event "Early Titled Tuesday Blitz | February 8 2022"]
[White "Yuan, Qingyu"]
[Black "Tymrakiewicz, Rafal"]
[WhiteFideId "8609772"]
[BlackFideId "1108832"]
[WhiteElo "2359"]
[BlackElo "2205"]
[Result "1-0"]
[Round "04"]
[TimeControl "180+1"]
[Date "2022.02.08"]
[WhiteClock "0:00:41"]
[BlackClock "0:00:07"]

1. Nf3 Nf6 2. g3 g6 3. b3 Bg7 4. Bb2 d6 5. d4 O-O 6. Bg2 Nc6 7. O-O Bg4 8. h3 Bxf3 9. Bxf3 Nd7 10. Bg2 e5 11. dxe5 Bxe5 12. Qc1 Qf6 13. Bxe5 Ndxe5 14. Nd2 Qe7 15. Qb2 f5 16. e3 Nf7 17. Nf3 Nfe5 18. Rad1 Nxf3+ 19. Bxf3 Qf6 20. c3 g5 21. Rfe1 Ne5 22. Bxb7 Rab8 23. Bd5+ Kg7 24. Rd4 c5 25. Rdd1 f4 26. exf4 gxf4 27. Qe2 fxg3 28. fxg3 Qg5 29. Qe3 Nf3+ 30. Bxf3 Qxg3+ 31. Bg2 Rf1+ 32. Kxf1 Qh2 33. Qg5+ Kh8 34. Qf6+ Kg8 35. Bd5# 1-0


[Site "https://www.chess.com"]

[Event "Early Titled Tuesday Blitz | February 8 2022"]
[White "Yushko, Olga"]
[Black "Haddouche, Mohamed"]
[WhiteFideId "14114500"]
[BlackFideId "7900660"]
[WhiteElo "2028"]
[BlackElo "2443"]
[Result "0-1"]
[Round "04"]
[TimeControl "180+1"]
[Date "2022.02.08"]
[WhiteClock "0:00:08"]
[BlackClock "0:00:21"]

1. d4 Nf6 2. c4 g6 3. Nf3 Bg7 4. Nc3 d6 5. Bg5 h6 6. Bh4 g5 7. Bg3 Nh5 8. e3 e6 9. Be2 Qe7 10. Qc2 Nc6 11. Rd1 Bd7 12. a3 Nxg3 13. hxg3 f5 14. b4 Nd8 15. O-O h5 16. b5 h4 17. gxh4 g4 18. Ng5 Rxh4 19. f4 Bf6 20. g3 Rh8 21. Kf2 Bxg5 22. fxg5 Qxg5 23. Rh1 Nf7 24. Rxh8+ Nxh8 25. Rh1 Nf7 26. c5 Ke7 27. Qd1 Qg7 28. Qg1 dxc5 29. Qd1 cxd4 30. exd4 Rh8 31. Rxh8 Qxh8 32. Ke3 Qh2 33. Qe1 Nd6 34. d5 e5 35. a4 f4+ 36. gxf4 Qxf4+ 37. Kd3 Bf5+ 38. Ne4 Qxe4+ 39. Kc3 Qd4+ 40. Kb3 Qe3+ 41. Kb2 g3 42. Qf1 Qf2 43. Qd1 Bg4 0-1


[Site "https://www.chess.com"]

[Event "Early Titled Tuesday Blitz | February 8 2022"]
[White "Zanette, Edgard Vinicius"]
[Black "Kanyamarala, Tarun"]
[WhiteFideId "2109263"]
[BlackFideId "45004714"]
[WhiteElo "2182"]
[BlackElo "2144"]
[Result "0-1"]
[Round "04"]
[TimeControl "180+1"]
[Date "2022.02.08"]
[WhiteClock "0:01:29"]
[BlackClock "0:02:25"]

1. e4 c5 2. Nc3 Nc6 3. f4 e6 4. Nf3 Nge7 5. Bb5 a6 6. Bxc6 Nxc6 7. O-O Be7 8. d3 O-O 9. Qe1 d5 10. Kh1 b5 11. Bd2 Bb7 12. f5 dxe4 13. fxe6 exf3 14. Rxf3 Nd4 15. exf7+ Rxf7 16. Rxf7 Kxf7 17. Qg3 Kg8 18. Rf1 Qd6 19. Bf4 Qg6 20. Qf2 Rf8 0-1


[Site "https://www.chess.com"]

[Event "Early Titled Tuesday Blitz | February 8 2022"]
[White "Aaditya Dhingra"]
[Black "Pantzar, Milton"]
[WhiteFideId "25678191"]
[BlackFideId "1721003"]
[WhiteElo "1789"]
[BlackElo "2340"]
[Result "0-1"]
[Round "05"]
[TimeControl "180+1"]
[Date "2022.02.08"]
[WhiteClock "0:00:03"]
[BlackClock "0:00:25"]

1. d4 Nf6 2. Nf3 e6 3. c4 Bb4+ 4. Bd2 a5 5. Nc3 O-O 6. g3 b6 7. Bg2 Bb7 8. O-O d5 9. cxd5 exd5 10. Rc1 h6 11. a3 Bd6 12. Nb5 Nc6 13. Nxd6 cxd6 14. Bf4 a4 15. h4 Re8 16. Re1 b5 17. e3 Na5 18. Nd2 Qd7 19. h5 Nc4 20. Nxc4 bxc4 21. Bf3 Ra6 22. Kg2 Rb6 23. Rc2 Bc8 24. Rh1 Qe7 25. g4 Bxg4 26. Bxg4 Nxg4 27. Qxg4 Qe4+ 28. Kg3 Qxc2 29. Bxh6 Qh7 30. Bf4 Re6 31. Qg5 Qe4 32. Rh4 f6 33. Qg4 Re7 34. Qd1 Qf5 35. Qxa4 Rxb2 36. Rg4 Kh7 37. Qa8 Rb1 0-1


[Site "https://www.chess.com"]

[Event "Early Titled Tuesday Blitz | February 8 2022"]
[White "Abdusattorov, Nodirbek"]
[Black "Triapishko, Alexandr"]
[WhiteFideId "14204118"]
[BlackFideId "14122286"]
[WhiteElo "2663"]
[BlackElo "2479"]
[Result "1-0"]
[Round "05"]
[TimeControl "180+1"]
[Date "2022.02.08"]
[WhiteClock "0:00:04"]
[BlackClock "0:00:01"]

1. e4 c6 2. d4 d5 3. exd5 cxd5 4. Bd3 Nf6 5. h3 Nc6 6. Nf3 Nb4 7. Nc3 Nxd3+ 8. cxd3 g6 9. Bf4 Bg7 10. O-O O-O 11. Re1 e6 12. Qb3 Ne8 13. Rac1 Nd6 14. Be5 Nf5 15. Nb5 Qb6 16. g4 Bd7 17. Nc7 Nxd4 18. Nxd4 Bxe5 19. Qxb6 axb6 20. Rxe5 Rxa2 21. Re2 Rc8 22. Rc3 Kg7 23. g5 h6 24. h4 hxg5 25. hxg5 Rh8 26. Nf3 Ra1+ 27. Kg2 e5 28. Nxe5 Bh3+ 29. Kf3 Rg1 30. Ke3 Rxg5 31. f4 Rgh5 32. Nxd5 Be6 33. Nc7 Bf5 34. Kd2 Rh4 35. Rc4 Rd8 36. Kc3 f6 37. Rd4 Rxd4 38. Kxd4 fxe5+ 39. Kxe5 Bxd3 40. Rd2 Bf5 41. Ne8+ Kf8 42. Nd6 Rh5 43. Kf6 Bb1 44. Re2 Rd5 45. Re8# 1-0


[Site "https://www.chess.com"]

[Event "Early Titled Tuesday Blitz | February 8 2022"]
[White "Aditya Mittal"]
[Black "Lopez Del Alamo, Antonio"]
[WhiteFideId "35042025"]
[BlackFideId "2227339"]
[WhiteElo "2287"]
[BlackElo "2082"]
[Result "1-0"]
[Round "05"]
[TimeControl "180+1"]
[Date "2022.02.08"]
[WhiteClock "0:01:10"]
[BlackClock "0:00:18"]

1. d4 Nf6 2. c4 g6 3. Nc3 Bg7 4. e4 d6 5. Be2 O-O 6. Be3 e5 7. d5 c6 8. h4 cxd5 9. cxd5 a6 10. h5 b5 11. a3 Nbd7 12. g4 Nc5 13. f3 Re8 14. Nh3 Bd7 15. Nf2 Rb8 16. b4 Na4 17. Nxa4 bxa4 18. Qd2 Bb5 19. Bh6 Bh8 20. Bd3 Nd7 21. Bg5 f6 22. Be3 g5 23. O-O Nb6 24. Rfc1 Bg7 25. Bxb5 axb5 26. Bxb6 Qxb6 27. Rc6 Qd8 28. Rac1 Bf8 29. Nh1 f5 30. gxf5 g4 31. fxg4 Qh4 32. Qf2 Qxg4+ 33. Qg2 Qxg2+ 34. Kxg2 Bh6 35. R1c2 Bf4 36. Rxd6 Rb7 37. Kf3 Rg7 38. Rg2 Rxg2 39. Kxg2 Rc8 40. Rc6 Rd8 41. Nf2 Rd7 42. Nd3 Rg7+ 43. Kf2 Rg3 44. Nxf4 exf4 45. e5 Rxa3 46. f6 Kf8 47. e6 1-0


[Site "https://www.chess.com"]

[Event "Early Titled Tuesday Blitz | February 8 2022"]
[White "Aggelis, Nikolaos"]
[Black "Madaminov, Mukhiddin"]
[WhiteFideId "4213220"]
[BlackFideId "14210703"]
[WhiteElo "2154"]
[BlackElo "1916"]
[Result "1/2-1/2"]
[Round "05"]
[TimeControl "180+1"]
[Date "2022.02.08"]
[WhiteClock "0:00:12"]
[BlackClock "0:00:07"]

1. d4 Nf6 2. g3 d5 3. Nf3 c5 4. Bg2 cxd4 5. O-O g6 6. Nxd4 Bg7 7. Nc3 O-O 8. Nb3 e6 9. e4 dxe4 10. Nxe4 Nxe4 11. Bxe4 Nc6 12. c3 e5 13. Bxc6 bxc6 14. Qxd8 Rxd8 15. Be3 a5 16. Rfd1 Rxd1+ 17. Rxd1 Be6 18. Nxa5 Bd5 19. b4 e4 20. Bd4 Bf8 21. a3 f5 22. h4 Kf7 23. c4 Be6 24. Bb6 c5 25. bxc5 Bxc5 26. Bxc5 Rxa5 27. Bb4 Ra6 28. c5 h6 29. Rd6 Ra8 30. c6 Rc8 31. a4 g5 32. a5 gxh4 33. a6 hxg3 34. a7 gxf2+ 35. Kxf2 f4 36. c7 Ra8 37. Bc5 Kf6 38. Rd8 Bc8 39. Rd6+ Ke5 40. Rxh6 e3+ 41. Ke1 Kd5 42. Bb6 Ke4 43. Rh8 Kf3 44. Rf8 Ke4 45. Bc5 Kd5 46. Bb6 Kc6 47. Rf6+ Kb5 48. Bd4 Kc4 49. Rxf4 Kd3 50. Bb6 Bb7 51. Rd4+ Kc3 52. Rd8 Bc8 53. Bxe3 Kc4 54. Rd6 Kb5 55. Kd2 Kc4 56. Rd8 Kb5 57. Kc3 Kc6 58. Rh8 Kxc7 59. Kb4 Bb7 60. Rb8 Kc6 61. Ka5 Kc7 62. Bb6+ Kc6 63. Bd4 Kc7 64. Kb5 Bh1 65. Bb6+ Kd7 66. Kc5 Bg2 67. Kd4 Bh1 68. Ke5 Bg2 69. Bd4 Bf3 70. Be3 Bc6 71. Kd4 Bh1 72. Kc4 Bg2 73. Kb4 Bc6 74. Bd4 Kc7 75. Be5+ Kd7 76. Bd4 Kc7 77. Ka5 Bh1 78. Be5+ Kd7 79. Kb6 Bg2 80. Bc7 Bf3 81. Be5 Be4 82. Bd4 Bd5 83. Be3 Be4 84. Bd4 Bf3 85. Rh8 Rxh8 86. Bxh8 Ba8 87. Be5 Kc8 88. Bd6 Bh1 89. Bc5 Ba8 90. Bb4 Bh1 91. Bc3 Ba8 92. Be5 Bh1 1/2-1/2


[Site "https://www.chess.com"]

[Event "Early Titled Tuesday Blitz | February 8 2022"]
[White "Al Hosani, Omran"]
[Black "Jeet, Jain"]
[WhiteFideId "9308733"]
[BlackFideId "5073022"]
[WhiteElo "2246"]
[BlackElo "2085"]
[Result "1-0"]
[Round "05"]
[TimeControl "180+1"]
[Date "2022.02.08"]
[WhiteClock "0:00:19"]
[BlackClock "0:00:04"]

1. d4 d5 2. c4 e6 3. Nc3 Be7 4. cxd5 exd5 5. Bf4 Nf6 6. e3 Bf5 7. Nf3 c6 8. Bd3 Bxd3 9. Qxd3 O-O 10. Ne5 Nbd7 11. O-O Re8 12. Nxd7 Nxd7 13. Rfe1 g6 14. Rad1 Bg5 15. Bg3 f5 16. f3 Qb6 17. e4 fxe4 18. fxe4 dxe4 19. Nxe4 Be7 20. Qc4+ Kg7 21. Rf1 Bf6 22. Nd6 Re7 23. Kh1 Rf8 24. b3 c5 25. dxc5 Qxc5 26. Nxb7 Qxc4 27. bxc4 Nb6 28. Bd6 Nxc4 29. Bxe7 Bxe7 30. Rxf8 Bxf8 31. Nc5 Ne3 32. Rd7+ Kh6 33. Ne6 Bb4 34. Rxa7 Ng4 35. Ra4 Nf2+ 36. Kg1 Be1 37. Kf1 Nd3 38. g3 Bb4 39. a3 Be7 40. Rd4 Ne5 41. Re4 Nc6 42. a4 g5 43. Nd8 Bxd8 44. Re6+ Kg7 45. Rxc6 h6 46. Rd6 h5 47. Rxd8 1-0


[Site "https://www.chess.com"]

[Event "Early Titled Tuesday Blitz | February 8 2022"]
[White "Alavkin, Arseny"]
[Black "Rodchenkov, Sergey D."]
[WhiteFideId "4120612"]
[BlackFideId "4168712"]
[WhiteElo "2391"]
[BlackElo "2306"]
[Result "1-0"]
[Round "05"]
[TimeControl "180+1"]
[Date "2022.02.08"]
[WhiteClock "0:01:00"]
[BlackClock "0:00:35"]

1. c4 e5 2. Nc3 Nf6 3. Nf3 Nc6 4. e4 Bc5 5. Nxe5 Nxe5 6. d4 Bxd4 7. Qxd4 d6 8. Be2 O-O 9. O-O Be6 10. b3 Qe7 11. f3 a5 12. Bb2 Nfd7 13. Rad1 Nc5 14. Rfe1 Nc6 15. Qe3 f6 16. Bf1 Bf7 17. Qf2 Nb4 18. a3 Nc6 19. Nd5 Qd8 20. Qh4 Bxd5 21. exd5 Ne5 22. f4 Ng6 23. Qg3 Qd7 24. b4 axb4 25. axb4 Ra2 26. Bc3 Na4 27. Bd4 Qf5 28. Be3 Nc3 29. Bd3 Qxd3 30. Rxd3 Ne2+ 31. Rxe2 Rxe2 32. Rd2 Rxd2 33. Bxd2 Ne7 34. Qg4 Re8 35. Qd7 Kf8 1-0


[Site "https://www.chess.com"]

[Event "Early Titled Tuesday Blitz | February 8 2022"]
[White "Alekseev, Evgeny"]
[Black "Jaracz, Pawel"]
[WhiteFideId "4138147"]
[BlackFideId "1102222"]
[WhiteElo "2589"]
[BlackElo "2429"]
[Result "0-1"]
[Round "05"]
[TimeControl "180+1"]
[Date "2022.02.08"]
[WhiteClock "0:00:02"]
[BlackClock "0:00:14"]

1. e4 c5 2. Nf3 Nc6 3. Bb5 g6 4. O-O Bg7 5. c3 Nf6 6. Re1 O-O 7. h3 d6 8. d3 Bd7 9. Ba4 Rb8 10. d4 b5 11. Bc2 e5 12. Be3 Qe7 13. Nbd2 Rfe8 14. Rc1 Nh5 15. Nf1 Na5 16. b3 Rbc8 17. Qd2 Nc6 18. Bb1 Bf8 19. Rcd1 Rc7 20. Bg5 f6 21. Bh4 Qg7 22. Ne3 Nf4 23. Bg3 g5 24. Kh2 Ne7 25. dxc5 dxc5 26. Nf5 Nxf5 27. exf5 Bc6 28. Be4 Rd7 29. Qc2 Bxe4 30. Qxe4 Red8 31. Rxd7 Qxd7 32. Bxf4 gxf4 33. Re2 Qd5 34. c4 bxc4 35. bxc4 Qxe4 36. Rxe4 Rd3 37. Re2 Rc3 38. Nd2 Rc2 39. Kg1 f3 40. gxf3 Bh6 0-1


[Site "https://www.chess.com"]